AoeStats
← Tavik

Nomad

509726380Analyzed
2v2 RM · 4d ago on Sep 27, 2026· 70m 8s· 4 players
Game mode
Random Map
Map size
176×176
Population
200
Speed
Normal
Resources
Standard
Victory
Conquest
Starting age
Dark Age
Ending age
Imperial Age
RankedLock teamsTeams togetherTeam positionsShared explorationLock speedFull tech treeHidden civsTurbo modeCheats
Victory
Defeat
🇦🇷 Saracens · Argentina
1287
+18
🇦🇷 Vikings · Argentina
1258
+18
🇨🇿 Wu · Czechia
1323
-18
🇨🇿 Persians · Czechia
1317
-18
Aldeano sin Telar
5:10 Loom
14:47 Feudal Age
15:42 Town Watch
16:26 Double-Bit Axe
17:30 Stone Mining
19:58 Fletching
25:01 Castle Age
22:59 Gold Mining
27:57 Bodkin Arrow
37:23 Squires
36:49 Pikeman
38:19 Scale Mail Armor
38:13 Fishing Lines
39:14 Gillnets
40:57 Chieftains
41:46 Forging
42:23 Chain Mail Armor
46:06 Gold Shaft Mining
46:19 Iron Casting
49:25 Imperial Age
47:30 Bow Saw
47:12 Arson
49:14 Town Patrol
49:48 Ballistics
49:09 Treadmill Crane
49:40 Masonry
50:15 Bracer
52:14 Plate Mail Armor
52:45 Blast Furnace
52:23 Conscription
53:33 Masonry
55:03 Chemistry
55:32 Hoardings
55:58 Elite Longship
59:39 Architecture
59:14 Siege Engineers
59:05 Murder Holes
61:00 Elite Varangian Guard
62:14 Careening
62:14 Clinker Construction
63:10 Bogsveigar
65:49 Horse Collar
67:10 Two-Man Saw
70:08 Heavy Plow
RorrO Señor Feudal
5:06 Loom
5:53 Loom
12:42 Feudal Age
14:52 Fletching
15:04 Double-Bit Axe
16:22 Gold Mining
24:55 Castle Age
24:56 Crossbowman
25:33 Bodkin Arrow
26:36 Horse Collar
27:29 Ballistics
35:33 Bow Saw
36:01 Wheelbarrow
35:55 Town Watch
36:13 Heavy Plow
37:08 Fervor
37:30 Thumb Ring
43:54 Imperial Age
44:07 Arbalester
46:37 Chemistry
46:48 Redemption
46:47 Padded Archer Armor
47:07 Bracer
48:02 Padded Archer Armor
48:50 Conscription
48:43 Heavy Plow
49:49 Two-Man Saw
50:58 Leather Archer Armor
51:01 Hand Cart
52:05 Siege Engineers
53:23 Murder Holes
53:33 Elite Skirmisher
57:36 Ring Archer Armor
61:34 Stone Mining
62:06 Hand Cart
64:15 Masonry
66:59 Hoardings
67:37 Elite Mameluke
68:34 Scale Barding Armor
69:36 Chain Barding Armor
69:42 Bloodlines
69:32 Husbandry
Melioth
4:24 Loom
12:24 Feudal Age
12:45 Double-Bit Axe
19:26 Castle Age
17:41 Fishing Lines
17:49 Horse Collar
18:14 Gold Mining
19:30 Forging
21:29 Gillnets
22:13 Bloodlines
22:04 Husbandry
23:31 Medium Warships
24:01 Scale Barding Armor
27:09 Wheelbarrow
29:40 Chain Barding Armor
30:19 Iron Casting
41:56 Stone Mining
43:24 Heavy Plow
48:31 Imperial Age
46:57 Hand Cart
48:03 Bow Saw
49:16 Cavalier
51:13 Plate Barding Armor
52:22 Blast Furnace
55:47 Gold Shaft Mining
55:39 Savar
Tavik
4:08 Loom
14:38 Feudal Age
23:42 Wheelbarrow
22:52 Town Watch
25:21 Double-Bit Axe
27:01 Fishing Lines
32:51 Castle Age
34:16 Fletching
35:24 Bodkin Arrow
36:45 Padded Archer Armor
36:40 Horse Collar
38:04 Ballistics
45:21 Imperial Age
43:01 Town Watch
46:31 Red Cliffs Tactics
46:52 Conscription
49:19 Chemistry
49:36 Bracer
50:14 Leather Archer Armor
51:51 Sitting Tiger
51:38 Elite Fire Archer
Connection lost

Rejoining the realm…

Still unreachable

The connection could not be restored.

Session expired

The server has moved on; the page needs a fresh start.